 Dungeon Crawl Stone Soup version 0.29-a0-364-g921d912d32 (webtiles) character file.

Game seed: 5765146387321544684

30 sokol815 the Sneak (level 3, -5/21 HPs)
             Began as a Kobold Brigand on Apr 30, 2022.
             Slain by a gnoll
             ... wielding a +0 club
              (6 damage)
             ... on level 1 of the Dungeon.
             The game lasted 00:02:24 (989 turns).

sokol815 the Sneak (Kobold Brigand)                  Turns: 989, Time: 00:02:25

Health: -5/21      AC:  5    Str:  8    XL:     3   Next: 37%
Magic:  3/3        EV: 14    Int: 12    God:
Gold:   54         SH:  0    Dex: 18    Spells: 2/2 levels left

rFire   . . .      SeeInvis .   a - +2 dagger
rCold   . . .      Faith    .   (no shield)
rNeg    . . .      Spirit   .   b - +0 robe
rPois   .          Reflect  .   m - +0 helmet
rElec   .          Harm     .   c - +0 cloak
rCorr   .          Rampage  .   h - +0 pair of gloves
Will    .....                   (no boots)
Stlth   ++++......              (no amulet)
HPRegen 0.07/turn               (no ring)
MPRegen 0.08/turn               (no ring)

@: no status effects
A: small, no large weapons, nightstalker 3
a: no special abilities


You were on level 1 of the Dungeon.
You visited 1 branch of the dungeon, and saw 2 of its levels.

You collected 54 gold pieces.

Inventory:

Hand Weapons
 a - a +2 dagger (weapon)
Missiles
 d - 12 poisoned darts
 e - 3 curare-tipped darts
 s - 63 stones
Armour
 b - a +0 robe (worn)
 c - a +0 cloak (worn)
 h - a +0 pair of gloves (worn)
   (You found it on level 1 of the Dungeon)
 m - a +0 helmet (worn)
   (You found it on level 1 of the Dungeon)
Magical Staves
 k - a staff of earth
   (You found it on level 1 of the Dungeon)
Scrolls
 f - a scroll of noise {unknown}
 g - 2 scrolls of teleportation {unknown}
 i - 3 scrolls of identify {unknown}
 j - a scroll of magic mapping {unknown}
Potions
 l - a potion of brilliance {unknown}


   Skills:
 - Level 2.1 Fighting
 + Level 3.8 Short Blades
 - Level 2.1 Throwing
 - Level 1.2 Dodging
 + Level 6.1 Stealth


You had 2 spell levels left.
You didn't know any spells.
Your spell library contained the following spells:

 Spells                   Type           Power      Damage    Failure   Level
 Animate Armour           Summ/Erth      0%         N/A       97%         4
 Blade Hands              Tmut           0%         N/A       100%        5
 Iron Shot                Conj/Erth      0%         9d1       100%        6


Dungeon Overview and Level Annotations

Branches:
Dungeon (2/15)

Altars:


Innate Abilities, Weirdness & Mutations

You are small and have problems with some larger weapons.
You are completely attuned to the shadows.


Message History

A rat comes into view.
You see here a staff of earth.
A gnoll comes into view. It is wielding a +0 whip.
Found a stone staircase leading down.
The rat misses you.
You hit the rat.
You kill the rat!
A hobgoblin comes into view.
The helpless gnoll fails to defend itself.
You impale the gnoll!!
You kill the gnoll!
Your Stealth skill increases to level 6!
You have reached level 3!
Your experience leads to an increase in your attributes!
Increase (s)trength, (i)ntelligence, or (d)exterity?
You feel agile. x2
Health restored: 21; MP restored: 3 The hobgoblin barely misses you.
You barely miss the hobgoblin. You hit the hobgoblin.
The hobgoblin barely misses you.
You hit the hobgoblin.
You kill the hobgoblin!
No target in view!
No target in view!
k - a staff of earth An endoplasm comes into view.
The endoplasm quivers.
You see here 10 gold pieces.
The endoplasm misses you.
You hit the endoplasm. The endoplasm misses you.
You hit the endoplasm.
The endoplasm jiggles.
The endoplasm freezes you.
You are frozen.
You take 3 damage, and have 18/21 hp.
You hit the endoplasm.
You kill the endoplasm!
No target in view!
No target in view!
You now have 31 gold pieces (gained 10).
i - 3 scrolls labelled UNOLUL IMYIN (gained 1)
You now have 41 gold pieces (gained 10).
Found a stone staircase leading down.
Health restored: 21
l - a ruby potion
Found a faded altar of an unknown god.
m - a +0 helmet You start putting on your armour.
You continue putting on your +0 helmet. x4
You finish putting on your +0 helmet.
You see here a +0 leather armour.
s - 63 stones (gained 16)
An endoplasm comes into view.
The helpless endoplasm fails to defend itself.
You spit the endoplasm like a pig!!!
You kill the endoplasm!
No target in view!
A bat comes into view.
The helpless bat fails to defend itself.
You perforate the bat like a sieve!!!
You kill the bat!
No target in view!
You see here a bat corpse.
There is a stone staircase leading down here.
There is an empty arch of ancient stone here.
You see here a +0 dagger.
Done exploring.
(D) Dungeon
Where to? (? - help)
Okay, then.
You can't go down here!
(D) Dungeon
Where to? (? - help)
You see here a +0 dagger.
There is a dry fountain here.
There is a stone staircase leading down here.
You climb downwards.
Found a stone staircase leading up.
There is a stone staircase leading up here.
You now have 54 gold pieces (gained 13).
Found an escape hatch in the ceiling. 2 gnolls come into view. 2 gnolls come into view.
The gnoll shouts! x2; You hear a shout!
There is an escape hatch in the ceiling here.
The gnoll hits you from afar with a +0 spear.
You take 3 damage, and have 18/21 hp.
The gnoll hits you from afar with a +0 spear!
The gnoll hits you from afar with a +0 spear.
A mysterious force pulls you upwards. The hatch slams shut behind you.
You take 11 damage, and have 7/21 hp.
MASSIVE DAMAGE!!
You hit the gnoll but do no damage. The gnoll attacks as you move away!
The gnoll barely misses you. The gnoll attacks as you move away!
The gnoll closely misses you. The gnoll attacks as you move away!
The gnoll hits you with a +0 club.
* * * LOW HITPOINT WARNING * * *
You take 6 damage, and have 1/21 hp.
MASSIVE DAMAGE!!
The gnoll attacks as you move away! The gnoll closely misses you.
The gnoll attacks as you move away! The gnoll hits you with a +0 club.
You die...

#.#####......................∩..
#.# ########.........#........
##.# ###########.......##....<..
##.# #.....)...........##....>..
##.# #.########........##..⌠...⌠
##.# #.# #........##....... ##.#
##.## #.###.######......
##.###...##### #g# #.# ###.#.#
.............# #@# #.# ##.#.#
######...#.#.# #.# #.# #.....
#####.##.#.# #.# #.# #.....
#..........# #.# #.# #.##.#
#.###.#...####.# #.#######.##.#
#.# #..........# #.........##.#
#.# ###...###### ###########...
#.# ##.## #.....#. #.# #.#
#.##....


You could see a gnoll.

Vanquished Creatures
  A gnoll (D:1)
  4 endoplasms (D:1)
  A giant cockroach (D:1)
  2 goblins (D:1)
  A hobgoblin (D:1)
  3 kobolds (D:1)
  A quokka (D:1)
  4 bats (D:1)
  A frilled lizard (D:1)
  2 rats (D:1)
20 creatures vanquished.

Notes
Turn   | Place    | Note
-------+----------+-------------------------------------------
     0 | D:1      | sokol815 the Kobold Brigand began the quest for the Orb.
     0 | D:1      | Reached XP level 1. HP: 12/12 MP: 1/1
    30 | D:1      | Reached skill level 3 in Short Blades
    63 | D:1      | Reached XP level 2. HP: 17/17 MP: 2/2
   488 | D:1      | Reached skill level 6 in Stealth
   488 | D:1      | Reached XP level 3. HP: 21/21 MP: 3/3
   655 | D:1      | Found a faded altar of an unknown god.
   984 | D:1      | HP: 1/21 [gnoll/+0 club (6)]
   989 | D:1      | Slain by a gnoll

Illustrated notes

Levels and vault maps discovered:
D:1:      wander_arrival_desolate, layout_loops_ring,
          hellmonk_ecumenical_altar_leap_of_faith
D:2:      layout_rooms

Skill      XL: |  1  2 |
---------------+-------+-----
Short Blades   | 3 |  3.8
Stealth        | 6 |  6.1
Fighting       | |  2.1
Throwing       | |  2.1
Dodging        | |  1.2

Action                   || total
-------------------------++-------
Melee: Dagger            ||    34
Throw: Stone             ||     1
 Stab: Sleeping          ||    12
Armor: Robe              ||     1
Dodge: Dodged            ||    15

Table legend: (Time is in decaauts)
 A = Elapsed time spent in this place.
 B = Non-inter-level travel time spent in this place.
 C = Inter-level travel time spent in this place.
 D = Time resting spent in this place.
 E = Time spent auto-exploring this place.
 F = Levels seen in this place.
 G = Mean time per level.
                   A        B        C        D        E       F      G
               +--------+--------+--------+--------+--------+-----+--------+
         Total |    983 |    939 |     44 |     83 |    721 |   2 |  491.5 |
       Dungeon |    983 |    939 |     44 |     83 |    721 |   2 |  491.5 |
               +--------+--------+--------+--------+--------+-----+--------+

Top non-repeatable levels by time:
     D:1: 918 daAuts
     D:2: 64 daAuts

Table legend:
 A = Kills in this place as a percentage of kills in entire the game.
 B = Kills by you in this place as a percentage of kills by you in the entire game.
 C = Kills by friends in this place as a percentage of kills by friends in the entire game.
 D = Other kills in this place as a percentage of other kills in the entire game.
 E = Experience gained in this place as a percentage of experience gained in the entire game.
 F = Experience gained in this place divided by the number of levels of this place that you have seen.
                   A       B       C       D       E      F
               +-------+-------+-------+-------+-------+----------------------
         Total | 100.0 | 100.0 |   N/A |   N/A | 100.0 |  22.0
       Dungeon | 100.0 | 100.0 |   N/A |   N/A | 100.0 |  22.0
               +-------+-------+-------+-------+-------+----------------------
